 Dungeon Crawl Stone Soup version 0.28-a0-465-ge2dae52223 (webtiles) character file.

Game seed: 11769722083693709280

2143 robertstho the Thaumaturge (level 9, -1/63 HPs)
             Began as a Djinni Fire Elementalist on Sept 14, 2021.
             Was an Initiate of Gozag.
             Slain by an orc warrior (19 damage)
             ... on level 7 of the Dungeon.
             The game lasted 00:10:18 (7781 turns).

robertstho the Thaumaturge (DjFE)                   Turns: 7781, Time: 00:10:19

Health: -1/63      AC:  3    Str:  7    XL:     9   Next: 56%
Gold:   579        EV: 13    Int: 21    God:    Gozag SH:  0 Dex: 13

rFire   + + .      SeeInvis .   u - +0 halberd (protect)
rCold   x . .      Faith    .   (shield currently unavailable)
rNeg    . . .      Spirit   .   a - +0 robe
rPois   ∞          Reflect  .   (no helmet)
rElec   .          Harm     .   B - scarf {+Inv}
rCorr   .          Rampage  .   y - +0 pair of gloves
Will    .....                   (boots unavailable)
Stlth   ++........              (no amulet)
HPRegen 0.20/turn               (no ring)
MPRegen 0.00/turn               (no ring)

@: gold aura, freezing walls, flying
A: sickness immunity, fire resistance 2, cold vulnerability 1, float, innate
caster, hp casting, extra vitality 1
a: Renounce Religion, Evoke Invisibility, Potion Petition, Call Merchant, Bribe
Branch


You were on level 7 of the Dungeon.
You worshipped Gozag.
Gozag was pleased with you.
You visited 2 branches of the dungeon, and saw 8 of its levels.

You collected 750 gold pieces.
You spent 140 gold pieces at shops.
You paid 31 gold pieces to Gozag.

Inventory:

Hand Weapons
 f - a +0 dagger
 u - a +0 halberd of protection (weapon)
Armour
 a - a +0 robe (worn)
 b - a +0 cloak
 y - a +0 pair of gloves (worn)
 B - a scarf of invisibility (worn)
Wands
 l - a wand of digging (13)
Scrolls
 i - 4 scrolls of enchant armour
 j - a scroll of fear
 m - a scroll of enchant weapon
 o - 3 scrolls of immolation
 p - a scroll of holy word
 x - a scroll of brand weapon
 D - a scroll of teleportation
Potions
 d - a potion of berserk rage {unknown}
 e - 4 potions of curing {unknown}
 g - a potion of experience {unknown}
 h - a potion of invisibility {unknown}
 q - 2 potions of haste {unknown}
 s - a potion of might {unknown}
 t - 3 potions of heal wounds {unknown}
 v - 2 potions of lignification {unknown}
 w - 4 potions of attraction {unknown}
 z - a potion of mutation
 C - a potion of resistance {unknown}


   Skills:
 * Level 4.5 Fighting
 + Level 3.1 Dodging
 + Level 2.8 Stealth
 * Level 8.5 Spellcasting


You had 4 spell levels left.
You knew the following spells:

 Your Spells              Type           Power      Damage    Failure   Level
a - Foxfire               Conj/Fire      100%       2x1d9     1%          1
b - Scorch                Fire           88%        2d9       1%          2
c - Conjure Flame         Conj/Fire      44%        6-21      1%          3
d - Inner Flame           Hex/Fire       44%        N/A       1%          3
e - Flame Wave            Conj/Fire      44%        3d9       2%          4
f - Sandblast             Erth           88%        2d18      1%          1
g - Slow                  Hex            44%        N/A       1%          2
h - Static Discharge      Conj/Air       44%        N/A       1%          2
i - Frozen Ramparts       Ice            88%        1d10      1%          3
Your spell library was empty.

Dungeon Overview and Level Annotations

Branches:
Dungeon (7/15)             Temple (1/1) D:5

Altars:
Ashenzari
Gozag
Trog
Xom

Shops:
D:6 *

Annotations:
D:4 3 runed translucent doors, AttackTheMoon's ghost, novice TrHu


Innate Abilities, Weirdness & Mutations

You are immune to sickness and miasma.
You are immune to poison.
Your flesh is very heat resistant. (rF++)
You are vulnerable to cold. (rC-)
You float through the air rather than walking.
You learn spells naturally, not from books.
Your magical power is your life essence.
You have superior vitality. (+4 HP)


Message History

Press: ? - help, Q - select action, (/) - cycle Dir - look around, f - activate You conjure some foxfire!
Unknown command.
Casting: Foxfire (safe; 1% risk of failure)
Press: ? - help, Q - select action, (/) - cycle Dir - look around, f - activate You conjure some foxfire!
The foxfire hits the orc warrior but does no damage. x2
Unknown command.
Casting: Foxfire (safe; 1% risk of failure)
Press: ? - help, Q - select action, (/) - cycle Dir - look around, f - activate You conjure some foxfire!
The foxfire hits the orc warrior.
The orc warrior is lightly wounded.
The foxfire hits something.
The orc priest invokes the aid of Beogh against you.
Beogh smites you!
Casting: Foxfire (safe; 1% risk of failure)
Press: ? - help, Q - select action, (/) - cycle Dir - look around, f - activate You conjure some foxfire!
The foxfire hits the orc warrior but does no damage.
The orc warrior is lightly wounded.
Unknown command.
The foxfire hits the orc warrior.
The orc warrior is lightly wounded.
The foxfire hits the orc warrior.
The orc warrior is moderately wounded.
The foxfire hits the orc warrior but does no damage.
The orc warrior is moderately wounded.
You hear some strange, mumbled words.
Something tries to affect you, but you resist.
Casting: Foxfire (safe; 1% risk of failure)
Confirm with . or Enter, or press ? or * to list all spells.
Casting: Frozen Ramparts (safe; 1% risk of failure)
Press: ? - help, Dir - look around, f - activate The walls around you are covered in ice.
* * * LOW HITPOINT WARNING * * *
The wall freezes the orc warrior!
The wall freezes the orc warrior.
The orc warrior hits you with a +0 war axe!!
You die...
Your body crumbles into a pile of gold.

..#.#........##...# #
............[.......# #
...........#.......### .
............###...... ..
#..).................
...##.#...........###....
..[.....#...............
# #...#.#..>...)........#
....##$o@...####.##.#....
.....o.§##.## #.##<...#.
##...$..##.# #.#####.#.
.......<...# #.### #...
.#.##...#..# #...# ##..
.. ......## ###.####.. .
..###### #....... ###
######.. #..


You could see an orc warrior and an orc priest.

Vanquished Creatures
  5 water moccasins (D:6)
  A sky beast (D:7)
  An ogre (D:6)
  A necrophage (D:5)
  3 scorpions
  A water moccasin skeleton (D:7)
  5 killer bees (D:4)
  4 wights (D:5)
  A howler monkey (D:4)
  2 centaur zombies
  2 jellies
  4 hounds
  A centaur skeleton (D:6)
  A gnoll shaman (D:7)
  A scorpion zombie (D:5)
  2 killer bee zombies
  2 howler monkey zombies
  11 adders
  7 gnolls
  A river rat (D:3)
  A white imp (D:6)
  An ufetubus (D:4)
  2 worms
  5 dart slugs
  10 orcs
  5 endoplasms
  7 giant cockroaches
  8 goblins
  7 hobgoblins
  3 jackals (D:2)
  5 kobolds
  4 quokkas
  5 ball pythons
  A bat (D:1)
  3 frilled lizards
  7 rats
130 creatures vanquished.

Vanquished Creatures (others)
  519 foxfires
519 creatures vanquished.

Grand Total: 649 creatures vanquished

Notes
Turn   | Place    | Note
-------+----------+-------------------------------------------
     0 | D:1      | robertstho the Djinni Fire Elementalist began the quest for
                  | the Orb.
     0 | D:1      | Reached XP level 1. HP: 15/15 MP: 0/0
   362 | D:1      | Reached XP level 2. HP: 20/22 MP: 0/0
   916 | D:1      | Reached skill level 3 in Spellcasting
  1009 | D:1      | Reached XP level 3. HP: 24/26 MP: 0/0
  1009 | D:1      | Learned a level 1 spell: Sandblast
  1420 | D:2      | Reached skill level 1 in Fighting
  2125 | D:2      | Found a faded altar of an unknown god.
  2130 | D:2      | Reached XP level 4. HP: 30/32 MP: 0/0
  2947 | D:3      | Found a bloodstained altar of Trog.
  2947 | D:3      | Found a shimmering altar of Xom.
  2962 | D:3      | Reached XP level 5. HP: 35/37 MP: 0/0
  2962 | D:3      | Learned a level 2 spell: Slow
  3077 | D:3      | Found an opulent altar of Gozag.
  3111 | D:3      | Became a worshipper of Gozag Ym Sagoz the Greedy
  3230 | D:3      | Reached skill level 4 in Spellcasting
  3829 | D:4      | Reached XP level 6. HP: 35/42 MP: 0/0
  3939 | D:4      | Found a runed translucent gate.
  3997 | D:4      | Found a runed translucent gate.
  3998 | D:4      | Found a runed translucent gate.
  4008 | D:4      | Noticed AttackTheMoon's ghost (novice TrHu)
  4136 | D:4      | Reached skill level 5 in Spellcasting
  4137 | D:4      | Reached XP level 7. HP: 23/49 MP: 0/0
  4137 | D:4      | Learned a level 2 spell: Static Discharge
  5029 | D:5      | Entered Level 5 of the Dungeon
  5036 | D:5      | Reached skill level 6 in Spellcasting
  5040 | D:5      | Reached XP level 8. HP: 38/55 MP: 0/0
  5452 | D:5      | Found a staircase to the Ecumenical Temple.
  5478 | Temple   | Entered the Ecumenical Temple
  6392 | D:6      | Found Cots's CLEARANCE SALE!.
  6399 | D:6      | Bought a scroll of brand weapon for 100 gold pieces
  6399 | D:6      | Bought a potion of mutation for 40 gold pieces
  6439 | D:6      | Reached skill level 7 in Spellcasting
  6502 | D:6      | Found a broken altar of Ashenzari.
  6739 | D:6      | Reached XP level 9. HP: 57/62 MP: 0/0
  6739 | D:6      | Learned a level 3 spell: Frozen Ramparts
  7018 | D:6      | Reached skill level 8 in Spellcasting
  7781 | D:7      | Slain by an orc warrior

Illustrated notes

Levels and vault maps discovered:
D:1:      mainiacjoe_arrival_reflecting_pool, layout_loops_ring, serial_glass,
          glass_columns_a, glass_columns_a
D:2:      layout_rooms, basic_ecumenical_altar, moated_statue
D:3:      layout_rooms, nicolae_gozag_seed_capital,
          gammafunk_temple_overflow_pools, gup_sewer_entry_spiral,
          hangedman_feature_mirror
D:4:      layout_basic, ebering_ghost_rock_garden
D:5:      layout_loops_ring, minmay_temple_entry_glass
D:6:      layout_loops_cross, nicolae_ashenzari_skybound, nicolae_shop_clearance
D:7:      layout_rooms, yredelemnul_forgotten_temple_becter,
          nicolae_ossuary_entry_giza, nrook_mini_vaults
Temple:   nicolae_temple_elliptical

Skill      XL: |  1  2  3  4  5  6  7  8  9 |
---------------+----------------------------+-----
Spellcasting   | 3 4 5 6 7 8 |  8.5
Fighting       | 1 2 4 |  4.5
Stealth        | 2 |  2.8
Dodging        | 3 |  3.1

Action                   |  1- 3 |  4- 6 |  7- 9 || total
-------------------------+-------+-------+-------++-------
Melee: Dagger            |     5 |     1 |     8 ||    14
       Halberd           |       |       |     3 ||     3
 Cast: Foxfire           |    92 |    94 |   134 ||   320
       Scorch            |       |     7 |    35 ||    42
       Flame Wave        |       |     1 |     6 ||     7
       Frozen Ramparts   |       |       |     1 ||     1
  Use: Scroll            |       |       |    10 ||    10
 Stab: Sleeping          |       |       |     1 ||     1
Armor: Robe              |     6 |     2 |     8 ||    16
Dodge: Dodged            |    16 |     9 |    17 ||    42

Table legend: (Time is in decaauts)
 A = Elapsed time spent in this place.
 B = Non-inter-level travel time spent in this place.
 C = Inter-level travel time spent in this place.
 D = Time resting spent in this place.
 E = Time spent auto-exploring this place.
 F = Levels seen in this place.
 G = Mean time per level.
                   A        B        C        D        E       F      G
               +--------+--------+--------+--------+--------+-----+--------+
         Total |   7781 |   7576 |    205 |    251 |   6393 |   8 |  972.6 |
       Dungeon |   7779 |   7574 |    205 |    251 |   6393 |   7 | 1111.3 |
        Temple |      1 |      1 |      0 |      0 |      0 |   1 |    1.0 |
               +--------+--------+--------+--------+--------+-----+--------+

Top non-repeatable levels by time:
     D:1: 1591 daAuts
     D:4: 1519 daAuts
     D:6: 1232 daAuts
     D:5: 1146 daAuts
     D:3: 990 daAuts
     D:2: 927 daAuts
     D:7: 371 daAuts
  Temple: 1 daAuts
